TOP OF THE 1ST |
Houston Marshals batting - Pitching for St Charles Sheens : RHP Luis Vargas
|
Pitching: RHP Luis Vargas
|
|
Batting: RHB Javier Rentería
|
0-0: Ball 1-0: Ball 2-0: Swinging Strike 2-1: Ball 3-1: Foul Ball, location: 2F 3-2: Ground out 6-3 (Groundball, 6)
|
Batting: LHB Guy Moss
|
0-0: Ball 1-0: Ball 2-0: Swinging Strike 2-1: Foul Ball, location: 2F 2-2: Strikes out swinging
|
Batting: LHB José Rodríguez
|
0-0: Called Strike 0-1: Ball 1-1: Called Strike 1-2: Strikes out swinging
|
Top of the 1st over - 0 runs, 0 hits, 0 errors, 0 left on base; Houston 0 - St Charles 0 |
BOTTOM OF THE 1ST |
St Charles Sheens batting - Pitching for Houston Marshals : LHP Stanley Inman
|
Pitching: LHP Stanley Inman
|
|
Batting: RHB Miguel Palácios
|
0-0: Foul Ball, location: 2F 0-1: Foul Ball, location: 2F 0-2: Fly out, F6 (Line Drive, 6)
|
Batting: RHB Lúcio Alfaro
|
0-0: Ball 1-0: Ball 2-0: Ball 3-0: Called Strike 3-1: Base on Balls
|
Batting: RHB Shawn Gutiérrez
|
0-0: Foul Ball, location: 2F 0-1: Ball 1-1: Ball 2-1: Ball 3-1: Foul Ball, location: 2F 3-2: Fly out, F7 (Flyball, 7)
|
Batting: RHB Víctor Arredondo
|
0-0: Ball 1-0: Ground out 5-3 (Groundball, 56S)
|
Bottom of the 1st over - 0 runs, 0 hits, 0 errors, 1 left on base; Houston 0 - St Charles 0 |
TOP OF THE 2ND |
Houston Marshals batting - Pitching for St Charles Sheens : RHP Luis Vargas
|
Batting: SHB Juan Gómez
|
0-0: Ball 1-0: Ball 2-0: Ground out 5-3 (Groundball, 56S)
|
Batting: SHB Ramón Lugo
|
0-0: Ball 1-0: Ground out 5-3 (Groundball, 5S)
|
Batting: RHB Adrian Prouse
|
0-0: Called Strike 0-1: Ball 1-1: Foul Ball, location: 2F 1-2: Ball 2-2: Strikes out swinging
|
Top of the 2nd over - 0 runs, 0 hits, 0 errors, 0 left on base; Houston 0 - St Charles 0 |
BOTTOM OF THE 2ND |
St Charles Sheens batting - Pitching for Houston Marshals : LHP Stanley Inman
|
Batting: LHB Randy Wiggins
|
0-0: Ball 1-0: Foul Ball, location: 2F 1-1: Ball 2-1: Fly out, F6 (Line Drive, 6M)
|
Batting: RHB Ramón Molina
|
0-0: Foul Ball, location: 2F 0-1: SINGLE (Line Drive, 9S)
|
Batting: RHB Sergio Pujols
|
0-0: Foul Ball, location: 2F 0-1: Fly out, F7 (Flyball, 78S)
|
Batting: RHB Judson Backstrom
|
0-0: Ball 1-0: Fly out, F8 (Flyball, 8LXD)
|
Bottom of the 2nd over - 0 runs, 1 hit, 0 errors, 1 left on base; Houston 0 - St Charles 0 |
TOP OF THE 3RD |
Houston Marshals batting - Pitching for St Charles Sheens : RHP Luis Vargas
|
Batting: LHB Matt Smith
|
0-0: Ball 1-0: Ball 2-0: Reached on error, E4 (Groundball, 4)
|
Batting: LHB Michael Cook
|
0-0: Ball 1-0: Ball 2-0: Swinging Strike 2-1: Foul Ball, location: 2F 2-2: Ball 3-2: Strikes out swinging
|
Batting: RHB Michael Thomas
|
0-0: Foul Ball, location: 2F 0-1: Swinging Strike 0-2: Strikes out swinging
|
Batting: RHB Javier Rentería
|
0-0: Called Strike 0-1: Ball 1-1: Fly out, F3 (Popup, 3DF)
|
Top of the 3rd over - 0 runs, 0 hits, 1 error, 1 left on base; Houston 0 - St Charles 0 |
BOTTOM OF THE 3RD |
St Charles Sheens batting - Pitching for Houston Marshals : LHP Stanley Inman
|
Batting: RHB Glen MacDonald
|
0-0: Ball 1-0: Ball 2-0: Ball 3-0: Called Strike 3-1: Ground out 4-3 (Groundball, 4)
|
Batting: RHB Miguel Palácios
|
0-0: Called Strike 0-1: Ground out 6-3 (Groundball, 6)
|
Batting: RHB Lúcio Alfaro
|
0-0: Called Strike 0-1: Called Strike 0-2: Strikes out looking
|
Bottom of the 3rd over - 0 runs, 0 hits, 0 errors, 0 left on base; Houston 0 - St Charles 0 |
TOP OF THE 4TH |
Houston Marshals batting - Pitching for St Charles Sheens : RHP Luis Vargas
|
Batting: LHB Guy Moss
|
0-0: Ball 1-0: SINGLE (Line Drive, 78S)
|
Batting: LHB José Rodríguez
|
0-0: Ball 1-0: Ball 2-0: Grounds into double play, 5-4-3 (Groundball, 56)
|
Batting: SHB Juan Gómez
|
0-0: Called Strike 0-1: Ball 1-1: Ball 2-1: Ball 3-1: SINGLE (Groundball, 4MD)
|
Batting: SHB Ramón Lugo
|
0-0: Ball 1-0: Ball 2-0: Foul Ball, location: 2F 2-1: Ball 3-1: Called Strike 3-2: Fly out, F9 (Flyball, 9S)
|
Top of the 4th over - 0 runs, 2 hits, 0 errors, 1 left on base; Houston 0 - St Charles 0 |
BOTTOM OF THE 4TH |
St Charles Sheens batting - Pitching for Houston Marshals : LHP Stanley Inman
|
Batting: RHB Shawn Gutiérrez
|
0-0: Foul Ball, location: 2F 0-1: Ball 1-1: Called Strike 1-2: Fly out, F8 (Line Drive, 8RD)
|
Batting: RHB Víctor Arredondo
|
0-0: Foul Ball, location: 2F 0-1: Ball 1-1: Ball 2-1: Fly out, F7 (Flyball, 7D)
|
Batting: LHB Randy Wiggins
|
0-0: Foul Ball, location: 2F 0-1: Ball 1-1: Swinging Strike 1-2: Ball 2-2: Strikes out swinging
|
Bottom of the 4th over - 0 runs, 0 hits, 0 errors, 0 left on base; Houston 0 - St Charles 0 |
TOP OF THE 5TH |
Houston Marshals batting - Pitching for St Charles Sheens : RHP Luis Vargas
|
Batting: RHB Adrian Prouse
|
0-0: Called Strike 0-1: Called Strike 0-2: Strikes out swinging
|
Batting: LHB Matt Smith
|
0-0: Called Strike 0-1: Ground out 6-3 (Groundball, 6M)
|
Batting: LHB Michael Cook
|
0-0: Ball 1-0: Called Strike 1-1: Swinging Strike 1-2: Strikes out swinging
|
Top of the 5th over - 0 runs, 0 hits, 0 errors, 0 left on base; Houston 0 - St Charles 0 |
BOTTOM OF THE 5TH |
St Charles Sheens batting - Pitching for Houston Marshals : LHP Stanley Inman
|
Batting: RHB Ramón Molina
|
0-0: Ball 1-0: Fly out, F8 (Flyball, 8RM)
|
Batting: RHB Sergio Pujols
|
0-0: Ball 1-0: Ball 2-0: Ball 3-0: Foul Ball, location: 2F 3-1: Foul Ball, location: 2F 3-2: Foul Ball, location: 2F 3-2: Base on Balls
|
Batting: RHB Judson Backstrom
|
0-0: Foul Ball, location: 2F 0-1: Swinging Strike 0-2: Ball 1-2: Ball 2-2: Ball 3-2: SINGLE (Groundball, 34D) Sergio Pujols to second Sergio Pujols to third
|
Batting: RHB Glen MacDonald
|
0-0: Foul Ball, location: 2F 0-1: Foul Ball, location: 2F 0-2: DOUBLE (Line Drive, 7) Sergio Pujols scores Judson Backstrom to third Runner from 3rd tries for Home, SAFE, no throw
|
Batting: RHB Miguel Palácios
|
0-0: Ball 1-0: Ball 2-0: Ball 3-0: Base on Balls
|
Batting: RHB Lúcio Alfaro
|
0-0: Called Strike 0-1: Fielders Choice at 2nd, 4-6 (Groundball, 4M) Glen MacDonald to third
|
Batting: RHB Shawn Gutiérrez
|
0-0: Ball 1-0: 3-RUN HOME RUN (Flyball, 7LD), Distance : 357 ft
|
Batting: RHB Víctor Arredondo
|
0-0: Ball 1-0: Fly out, F7 (Flyball, 7S)
|
Bottom of the 5th over - 5 runs, 3 hits, 0 errors, 0 left on base; Houston 0 - St Charles 5 |
TOP OF THE 6TH |
Houston Marshals batting - Pitching for St Charles Sheens : RHP Luis Vargas
|
Batting: RHB Michael Thomas
|
0-0: Called Strike 0-1: Swinging Strike 0-2: Strikes out swinging
|
Batting: RHB Javier Rentería
|
0-0: Fly out, F7 (Flyball, 7)
|
Batting: LHB Guy Moss
|
0-0: Called Strike 0-1: Foul Ball, location: 2F 0-2: Ball 1-2: Strikes out swinging
|
Top of the 6th over - 0 runs, 0 hits, 0 errors, 0 left on base; Houston 0 - St Charles 5 |
BOTTOM OF THE 6TH |
St Charles Sheens batting - Pitching for Houston Marshals : LHP Stanley Inman
|
Pitching: LHP Stan Aldridge
|
|
Batting: LHB Randy Wiggins
|
0-0: Called Strike 0-1: Hit by Pitch
|
Batting: RHB Ramón Molina
|
0-0: Foul Ball, location: 2F 0-1: Foul Ball, location: 2F 0-2: Foul Ball, location: 2F 0-2: Ball 1-2: Ball 2-2: Ball 3-2: SINGLE (Line Drive, 4M) Randy Wiggins to second Randy Wiggins to third
|
Batting: RHB Sergio Pujols
|
0-0: Grounds into double play, 4-6-3 (Groundball, 4) Randy Wiggins scores
|
Batting: RHB Judson Backstrom
|
0-0: Ball 1-0: Swinging Strike 1-1: Fly out, F4 (Line Drive, 4M)
|
Bottom of the 6th over - 1 run, 1 hit, 0 errors, 0 left on base; Houston 0 - St Charles 6 |
TOP OF THE 7TH |
Houston Marshals batting - Pitching for St Charles Sheens : RHP Luis Vargas
|
Batting: LHB José Rodríguez
|
0-0: Called Strike 0-1: Called Strike 0-2: Ball 1-2: Fly out, F9 (Flyball, 89D)
|
Batting: SHB Juan Gómez
|
0-0: Foul Ball, location: 2F 0-1: Called Strike 0-2: Ball 1-2: Foul Ball, location: 2F 1-2: Strikes out swinging
|
Batting: SHB Ramón Lugo
|
0-0: Ball 1-0: Called Strike 1-1: Foul Ball, location: 2F 1-2: Ball 2-2: Fly out, F9 (Line Drive, 9LM)
|
Top of the 7th over - 0 runs, 0 hits, 0 errors, 0 left on base; Houston 0 - St Charles 6 |
BOTTOM OF THE 7TH |
St Charles Sheens batting - Pitching for Houston Marshals : RHP Ron Scott
|
Pitching: RHP Ron Scott
|
|
Batting: RHB Glen MacDonald
|
0-0: Called Strike 0-1: SINGLE (Flyball, 7LM)
|
Batting: RHB Miguel Palácios
|
0-0: SINGLE (Groundball, 34D) Glen MacDonald to second Runner from 2nd tries for 3rd, SAFE, throw made at trailing runner, OUT!
|
Batting: RHB Lúcio Alfaro
|
0-0: Ball 1-0: Called Strike 1-1: Foul Ball, location: 2F 1-2: DOUBLE (Flyball, 8RXD) Glen MacDonald scores
|
Batting: RHB Shawn Gutiérrez
|
0-0: Called Strike 0-1: Foul Ball, location: 2F 0-2: Ball 1-2: Ground out 4-3 (Groundball, 4) Lúcio Alfaro to third
|
Batting: RHB Víctor Arredondo
|
0-0: Fly out, F8 (Flyball, 78M)
|
Bottom of the 7th over - 1 run, 3 hits, 0 errors, 1 left on base; Houston 0 - St Charles 7 |
TOP OF THE 8TH |
Houston Marshals batting - Pitching for St Charles Sheens : RHP Luis Vargas
|
Batting: RHB Adrian Prouse
|
0-0: Called Strike 0-1: Ground out U3 (Groundball, 3L)
|
Batting: LHB Matt Smith
|
0-0: Ball 1-0: Called Strike 1-1: Swinging Strike 1-2: Ground out 1-3 (Groundball, 13)
|
Batting: LHB Michael Cook
|
0-0: Ball 1-0: DOUBLE (Flyball, 8LXD)
|
Batting: RHB Michael Thomas
|
0-0: Ball 1-0: Swinging Strike 1-1: Ball 2-1: Swinging Strike 2-2: Foul Ball, location: 2F 2-2: Strikes out swinging
|
Top of the 8th over - 0 runs, 1 hit, 0 errors, 1 left on base; Houston 0 - St Charles 7 |
BOTTOM OF THE 8TH |
St Charles Sheens batting - Pitching for Houston Marshals : RHP Ron Scott
|
Batting: LHB Randy Wiggins
|
0-0: Swinging Strike 0-1: Ball 1-1: Ball 2-1: Called Strike 2-2: Ball 3-2: Base on Balls
|
Batting: RHB Ramón Molina
|
0-0: Ball 1-0: Ball 2-0: Ball 3-0: Base on Balls Randy Wiggins to second
|
Batting: RHB Sergio Pujols
|
0-0: Swinging Strike 0-1: Grounds into double play, 6-4-3 (Groundball, 6) Randy Wiggins to third
|
Batting: RHB Judson Backstrom
|
0-0: Ball 1-0: Ball 2-0: Ball 3-0: Called Strike 3-1: Swinging Strike 3-2: Fly out, F9 (Flyball, 89XD)
|
Bottom of the 8th over - 0 runs, 0 hits, 0 errors, 1 left on base; Houston 0 - St Charles 7 |
TOP OF THE 9TH |
Houston Marshals batting - Pitching for St Charles Sheens : RHP Luis Vargas
|
Batting: RHB Javier Rentería
|
0-0: Ball 1-0: Ball 2-0: Ball 3-0: Ground out 5-3 (Groundball, 5)
|
Batting: LHB Guy Moss
|
0-0: Ball 1-0: Ball 2-0: Ball 3-0: Called Strike 3-1: Swinging Strike 3-2: Base on Balls
|
Batting: LHB José Rodríguez
|
0-0: Ball 1-0: Called Strike 1-1: SINGLE (Groundball, 56D) Guy Moss to second
|
Batting: SHB Juan Gómez
|
0-0: Ball 1-0: Foul Ball, location: 2F 1-1: Ball 2-1: Foul Ball, location: 2F 2-2: Ball 3-2: Strikes out swinging
|
Batting: SHB Ramón Lugo
|
0-0: Called Strike 0-1: Foul Ball, location: 2F 0-2: Foul Ball, location: 2F 0-2: Ground out 4-3 (Groundball, 34D)
|
Top of the 9th over - 0 runs, 1 hit, 0 errors, 2 left on base; Houston 0 - St Charles 7 |
|